 Dungeon Crawl Stone Soup version 0.31-a0-986-g5e6e4ef867 (webtiles) character file.

Game seed: 6763676688831081120

48 Persephone the Poker (level 3, -4/31 HPs)
             Began as a Minotaur Monk on Nov 8, 2023.
             Killed by divine providence
             ... invoked by an orc priest
              (11 damage)
             ... on level 3 of the Dungeon.
             The game lasted 00:01:45 (1561 turns).

Persephone the Poker (Minotaur Monk)                Turns: 1561, Time: 00:01:46

Health: -4/31      AC:  5    Str: 17    XL:     3   Next: 50%
Magic:  2/2        EV: 11    Int:  7    God:
Gold:   127        SH:  0    Dex: 12    Spells: 2/2 levels left

rFire   . . .        a - +0 spear
rCold   + . .        d - orb {light}
rNeg    . . .        m - +0 ring mail
rPois   .            (helmet restricted)
rElec   .            (no cloak)
rCorr   .            (no gloves)
SInv    +            (no boots)
Will    .....        (no amulet) Stlth
                     p - ring of see invisible
HPRegen 0.25/turn    q - ring of protection from cold
MPRegen 0.08/turn

%: no passive effects
@: confused, ambrosia-drunk, glowing
A: horns 2, retaliatory headbutt
a: no special abilities


You were on level 3 of the Dungeon.
You visited 1 branch of the dungeon, and saw 3 of its levels.

You collected 127 gold pieces.

Inventory:

Hand Weapons
 a - a +0 spear (weapon)
Armour
 b - a +0 robe
 d - an orb of light (worn)
 m - a +0 ring mail (worn)
Jewellery
 p - a ring of see invisible (left hand)
 q - a ring of protection from cold (right hand)
Scrolls
 e - 4 scrolls of poison {unknown}
 f - a scroll of brand weapon {unknown}
 g - 2 scrolls of blinking {unknown}
 l - a scroll of amnesia {unknown}
 o - a scroll of fear {unknown}
 r - a scroll of vulnerability {unknown}
Potions
 h - a potion of mutation {unknown}
 i - a potion of degeneration {unknown}
 j - 5 potions of curing {unknown}
 k - a potion of invisibility {unknown}
 n - a potion of haste {unknown}


   Skills:
 - Level 3.6 Fighting
 + Level 5.5 Polearms
 - Level 3.2 Dodging


You had 2 spell levels left.
You didn't know any spells.
Your spell library was empty.

Dungeon Overview and Level Annotations

Branches:
Dungeon (3/15)

Altars:


Innate Abilities, Weirdness & Mutations

You have a pair of horns on your head.
You reflexively headbutt those who attack you in melee.


Message History

An orc comes into view. It is wielding a +0 club.
The orc priest calls down the wrath of Beogh upon you.
Pain shoots through your body! The orc barely misses you.
You barely miss the orc priest.
A ball python comes into view.
The ball python hisses angrily.
You hit the orc priest but do no damage.
The orc priest hits you but does no damage.
The orc hits you but does no damage. The orc barely misses you.
You hit the orc priest.
The orc priest is moderately wounded.
The orc priest calls down the wrath of Beogh upon you.
You barely resist.
The orc barely misses you. x2; You furiously retaliate!
You headbutt the orc. You completely miss the orc priest.
The orc priest is moderately wounded.
The orc priest barely misses you. The orc hits you but does no damage.
The orc barely misses you.
You hit the orc priest.
The orc priest is heavily wounded.
The orc priest closely misses you. The orc barely misses you.
The orc hits you with a +0 club. The orc hits you but does no damage.
You hit the orc priest.
The orc priest is severely wounded.
The orc priest calls down the wrath of Beogh upon you.
Beogh smites you!
* * * LOW HITPOINT WARNING * * *
The orc hits you with a +0 club.
* * * LOW HITPOINT WARNING * * *
The orc hits you with a +0 club.
* * * LOW HITPOINT WARNING * * *
The orc closely misses you. You furiously retaliate!
You headbutt the orc.
You are confused.
You feel invigorated.
The ball python bites you but does no damage.
The ball python barely misses you.
The orc priest mumbles some strange prayers to Beogh against you.
Beogh smites you!
You die...

#######
#.....# #
#.....# ..
#.....##
...##......#
...........#
......oo..<#
......o@..##
......oS..+
..........#
............
.#...####.#.#
..... #...#
###. ##### #.


You could see an orc priest, 3 orcs and a ball python.

Vanquished Creatures
  A dart slug (D:2)
  5 ball pythons
  4 giant cockroaches (D:1)
  3 goblins
  6 hobgoblins
  3 kobolds
  6 quokkas
  6 bats
  3 frilled lizards (D:1)
37 creatures vanquished.

Notes
Turn   | Place    | Note
-------+----------+-------------------------------------------
     0 | D:1      | Persephone the Minotaur Monk began the quest for the Orb.
     0 | D:1      | Reached XP level 1. HP: 19/19 MP: 0/0
   201 | D:1      | Reached skill level 4 in Polearms
   342 | D:1      | Reached XP level 2. HP: 26/26 MP: 1/1
   775 | D:1      | Reached skill level 5 in Polearms
   930 | D:2      | Reached XP level 3. HP: 31/31 MP: 2/2
  1048 | D:2      | Found a faded altar of an unknown god.
  1561 | D:3      | Killed from afar by an orc priest

Illustrated notes

Levels and vault maps discovered:
D:1:      psy_arrival_fountain, layout_loops_ring, minmay_worlds_worst_comb
D:2:      layout_loops_cross, dreamdust_ecumenical_altar_grove, minmay_quantized
D:3:      layout_basic, serial_park_tiny_pond

Skill      XL: |  1  2 |
---------------+-------+-----
Polearms       | 4 5 |  5.5
Fighting       | |  3.6
Dodging        | |  3.2

Action                     || total
---------------------------++-------
  Melee: Spear             ||    93
         Headbutt          ||    18
    Use: Potion            ||     1
 Armour: Robe              ||    20
         Ring mail         ||    18
  Dodge: Dodged            ||    37

Table legend: (Time is in decaauts)
 A = Elapsed time spent in this place.
 B = Non-inter-level travel time spent in this place.
 C = Inter-level travel time spent in this place.
 D = Time resting spent in this place.
 E = Time spent auto-exploring this place.
 F = Levels seen in this place.
 G = Mean time per level.
                   A        B        C        D        E       F      G
               +--------+--------+--------+--------+--------+-----+--------+
         Total |   1547 |   1499 |     48 |      0 |   1296 |   3 |  515.7 |
       Dungeon |   1547 |   1499 |     48 |      0 |   1296 |   3 |  515.7 |
               +--------+--------+--------+--------+--------+-----+--------+

Top non-repeatable levels by time:
     D:1: 833 daAuts
     D:2: 705 daAuts
     D:3: 8 daAuts
